 Dungeon Crawl Stone Soup version 0.29-a0-275-g389c0b56f3 (webtiles) character file.

Game seed: 3844821305299685015

5899 spaghetti the Warrior (level 10, -3/114 HPs)
             Began as an Ogre Chaos Knight on Mar 12, 2022.
             Was an Initiate of Gozag.
             Slain by a yak (12 damage)
             ... on level 1 of the Lair of Beasts.
             The game lasted 00:20:16 (9617 turns).

spaghetti the Warrior (Ogre Chaos Knight)           Turns: 9617, Time: 00:20:17

Health: -3/114     AC:  5    Str: 20    XL:     10   Next: 82%
Magic:  10/10      EV: 14    Int: 13    God:    Gozag
Gold:   334        SH:  0    Dex: 10    Spells: 9/9 levels left

rFire   . . .      SeeInvis .   m - +0 giant spiked club (venom) {mace}
rCold   + . .      Faith    .   (shield currently unavailable)
rNeg    . . .      Spirit   .   b - +2 robe
rPois   .          Reflect  .   (helmet restricted)
rElec   +          Harm     .   t - +0 cloak
rCorr   .          Rampage  .   (gloves unavailable)
Will    +....                   (boots unavailable)
Stlth   ++........              l - amulet of magic regeneration {@e2}
HPRegen 0.29/turn               g - +4 ring of evasion
MPRegen 0.52/turn               (no ring)

@: gold aura
A: large, unfitting armour, tough skin 1, thin skeletal structure 1, cold
resistance 1, deformed body, frail 1, electricity resistance, weak 1, MP-powered
wands
a: Renounce Religion, Potion Petition, Call Merchant, Bribe Branch


You were on level 1 of the Lair of Beasts.
You worshipped Gozag.
Gozag was aware of your devotion.
You visited 3 branches of the dungeon, and saw 11 of its levels.

You collected 2163 gold pieces.
You spent 20 gold pieces at shops.
You paid 1809 gold pieces to Gozag.


Innate Abilities, Weirdness & Mutations

You are too large for most types of armour.
You have tough skin. (AC +1)
You have a somewhat thin skeletal structure. (Dex +2, Stealth+)
Your flesh is cold resistant. (rC+)
Armour fits poorly on your strangely shaped body.
You are frail. (-10% HP)
You are resistant to electric shocks. (rElec)
You are weak. (Str -2)
You expend magic power (3 MP) to strengthen your wands.


   Skills:
 + Level 16.0 Fighting
 + Level 9.3 Maces & Flails
 - Level 3.0 Polearms
 - Level 2.1 Dodging


You had 9 spell levels left.
You didn't know any spells.
Your spell library contained the following spells:

 Spells                   Type           Power      Damage    Failure   Level
 Apportation              Tloc           0%         N/A       30%         1
 Magic Dart               Conj           0%         1d3       30%         1
 Summon Small Mammal      Summ           0%         N/A       30%         1
 Searing Ray              Conj           0%         2d4       43%         2
 Call Canine Familiar     Summ           0%         N/A       67%         3
 Summon Guardian Golem    Hex/Summ       0%         N/A       67%         3
 Fulminant Prism          Conj/Hex       0%         3d6       97%         4
 Alistair's Intoxication  Tmut/Pois      0%         N/A       100%        5

Inventory:

Hand Weapons
 a - a +1 whip of electrocution {mace}
   (You took it off a gnoll shaman on level 4 of the Dungeon)
 f - a +0 spear of chaos {polearm}
 m - a +0 giant spiked club of venom (weapon) {mace}
   (You took it off an ogre on level 4 of the Dungeon)
Missiles
 h - 185 stones (quivered) {throwing}
 k - 14 poisoned darts {throwing}
 n - 5 silver javelins {throwing}
 o - 4 javelins {throwing}
 r - 2 boomerangs {throwing}
 s - 5 large rocks {=fthrowing}
Armour
 b - a +2 robe (worn)
 t - a +0 cloak (worn)
   (You found it on level 6 of the Dungeon)
 u - a scarf of invisibility
   (You found it on level 6 of the Dungeon)
Magical Staves
 j - a staff of air {!astaff}
   (You found it on level 4 of the Dungeon)
 x - a staff of air {!astaff}
   (You found it on level 7 of the Dungeon)
Jewellery
 g - a +4 ring of evasion (left hand)
   (You found it on level 1 of the Dungeon)
 l - an amulet of magic regeneration (around neck) {@e2}
   (You found it on level 3 of the Dungeon)
Wands
 i - a wand of iceblast (9)
   (You found it on level 8 of the Dungeon)
 p - a wand of flame (38)
   (You found it on level 5 of the Dungeon)
 v - a wand of polymorph (5)
   (You took it off an orc on level 6 of the Dungeon)
 w - a wand of digging (6)
   (You took it off Eustachio on level 6 of the Dungeon)
 A - a wand of acid (7)
   (You found it on level 1 of the Lair of Beasts)
Scrolls
 y - a scroll of teleportation {@r4}
Potions
 d - 3 potions of mutation {!q}
 e - 5 potions of curing {@q1}
 q - a potion of degeneration {!q@e2}
 z - a potion of brilliance
Miscellaneous
 c - a piece from Xom's chessboard (5/15)

Dungeon Overview and Level Annotations

Branches:
Dungeon (9/15)             Temple (1/1) D:4            Lair (1/6) D:8
    Orc: D:9-12

Altars:
Ashenzari
Cheibriados
Dithmenos
Gozag
Hepliaklqana
Kikubaaqudgha
Makhleb
Ru
Sif Muna
Vehumet
Wu Jian
Xom
Zin
The Shining One

Shops:
D:3 :   D:5 ?

Annotations:
Lair:1 exclusion: hydra

##.......................
#........................
##.......................
##.......................
#...#.##.##..............
##..#......#....########.
##..#......#....#
#...#.....$Y....##
##........@Y.....#
#..#......#...(..(....
#..#......#....##(((.(
#.........+...........
#..P#+#####....###...#
##................ ..#
#................. ...
##.................
#................
........


You could see 2 yaks.


Message History

Press: ? - help, Q - select action, (/) - cycle Shift-Dir - straight line, f - yak
Aim: a yak (wandering, hasn't noticed you, 74% to hit)
You throw a stone {throwing}. The yak bellows!
The stone {throwing} hits the yak but does no damage.
A yak comes into view. x2
Throw: 188 stones {throwing}
Press: ? - help, Q - select action, (/) - cycle Shift-Dir - straight line, f/p - yak
Aim: a yak (74% to hit)
You throw a stone {throwing}.
The stone {throwing} barely misses the yak.
The yak bellows!
Throw: 187 stones {throwing}
Press: ? - help, Q - select action, (/) - cycle Shift-Dir - straight line, f - yak
Aim: a yak (74% to hit)
You throw a stone {throwing}. The stone {throwing} hits the yak.
Throw: 186 stones {throwing}
Press: ? - help, Q - select action, (/) - cycle Shift-Dir - straight line, f/p - yak
Aim: a yak (lightly wounded, 74% to hit)
You throw a stone {throwing}.
The stone {throwing} hits the yak but does no damage.
You hit the yak but do no damage.
The yak is poisoned.
You hit the yak. The yak gores you! The yak gores you. 😕 HP[-9]
You take 9 damage, and now have 105/114 hp.
You barely miss the yak. The yak gores you! The yak barely misses you.
The yak gores you! The yak gores you but does no damage.
The yak gores the fungus!
The fungus begins to die. 😮 HP[-27]
You take 27 damage, and now have 78/114 hp.
MASSIVE DAMAGE!! (PAUSE)
You bludgeon the yak!!
The yak looks as sick as possible!
The yak gores the fungus.
The yak completely misses you. The yak gores you but does no damage.
The yak gores the fungus. 😮 HP[+1]
You barely miss the yak.
The yak gores the fungus! x2
The yak closely misses you. The yak gores you but does no damage.
You sock the yak!
The yak gores the fungus!! x2; The yak misses you.
The yak gores you.
The yak gores the fungus!
The yak gores you! x2
* * * LOW HITPOINT WARNING * * *
The yak gores the fungus! 😨 HP[-23]
You take 23 damage, and now have 56/114 hp.
MASSIVE DAMAGE!! (PAUSE)
You closely miss the yak.
A nearby fungus withers and dies.
You kill the yak! 😨 HP[+1]
Okay, then.
You impale the yak!!
The yak looks as sick as possible!
The yak closely misses you. x2; The yak gores you.
* * * LOW HITPOINT WARNING * * *
😨 HP[-4]
You take 4 damage, and now have 53/114 hp.
You bludgeon the yak!!
You kill the yak!
The yak barely misses you. The yak closely misses you.
The yak barely misses you. The yak gores you!
* * * LOW HITPOINT WARNING * * *
Your piece from Xom's chessboard (5/15) has regained one charge.
Your Fighting skill increases to level 16! 😨 HP[-11]
You take 11 damage, and now have 42/114 hp.
You puncture the yak!
The yak is poisoned.
The yak gores you.
* * * LOW HITPOINT WARNING * * *
The yak gores you but does no damage. 😨 HP[-4]
You take 4 damage, and now have 38/114 hp.
You barely miss the yak. The yak misses you. The yak gores you.
* * * LOW HITPOINT WARNING * * *
😨 HP[-4]
You take 4 damage, and now have 34/114 hp.
You hit the yak but do no damage. The yak barely misses you.
The yak gores you but does no damage.
The yak is distracted by your dazzling golden aura.
The yak closely misses you. 😨 HP[+1]
You puncture the yak!
The yak looks as sick as possible!
The yak is no longer distracted by gold.
The yak closely misses you.
The yak is distracted by your dazzling golden aura.
The yak bellows!
You hit the yak.
The yak looks as sick as possible!
The yak is no longer distracted by gold.
The yak barely misses you. The yak gores you!
* * * LOW HITPOINT WARNING * * *
😱 HP[-16]
You take 16 damage, and now have 19/114 hp.
You closely miss the yak. The yak gores you!
* * * LOW HITPOINT WARNING * * *
The yak closely misses you. The yak barely misses you.
The yak closely misses you. 😱 HP[-7]
You take 7 damage, and now have 12/114 hp.
Okay, then.
Okay, then.
You feel better. The yak gores you!
* * * LOW HITPOINT WARNING * * *
The yak gores you!
You die...
Your body crumbles into a pile of gold.

Skill      XL: |  1  2  3  4  5  6  7  8  9 10 |
---------------+-------------------------------+-----
Fighting       | 5 6 7 8 10 11 12 14 16 | 16.0
Maces & Flails | 1 3 5 7 9 |  9.3
Polearms       | |  3.0
Dodging        | |  2.1

Action                   |  1- 3 |  4- 6 |  7- 9 | 10-12 || total
-------------------------+-------+-------+-------+-------++-------
Melee: Spear             |   122 |   108 |       |       ||   230
       Punch             |       |     3 |     6 |     2 ||    11
       Whip              |       |     7 |   319 |   105 ||   431
       Unarmed           |       |       |    16 |       ||    16
       Giant spiked club |       |       |       |    19 ||    19
Throw: Javelin           |       |       |     4 |     1 ||     5
       Large rock        |       |       |     2 |    15 ||    17
       Stone             |       |       |       |    14 ||    14
       Boomerang         |       |       |       |     1 ||     1
Invok: Potion Petition   |       |       |     1 |     5 ||     6
Evoke: Piece from Xom's  |     2 |     4 |    21 |       ||    27
       Wand              |       |       |       |     1 ||     1
  Use: Scroll            |     5 |     3 |     6 |     2 ||    16
       Potion            |     2 |     5 |     5 |     2 ||    14
 Stab: Sleeping          |       |     1 |     6 |       ||     7
       Paralysed         |       |       |     4 |       ||     4
       Petrified         |       |       |     5 |       ||     5
       Distracted        |       |       |     1 |     1 ||     2
       Invisible         |       |       |     7 |       ||     7
Armor: Robe              |    55 |    34 |    76 |    24 ||   189
       Skin              |       |       |    35 |     2 ||    37
Dodge: Dodged            |    58 |    92 |   220 |    90 ||   460

Levels and vault maps discovered:
D:1:      heliophobic_arrival_henge, layout_basic,
          hellmonk_ecumenical_altar_slurped_away
D:2:      minmay_spotlight, layout_basic, columned_hall_lemuel,
          chequers_serial_rivers_micro_a, nicolae_elevator_lobby_plus
D:3:      layout_rooms, mainiacjoe_overflow_concentric_impassable, serial_shops,
          shop, palyth_stone_intersect
D:4:      layout_gridville, minmay_temple_entry_nine_rooms, serial_undead,
          serial_undead_e, serial_undead_c, serial_undead_e, serial_undead_d,
          nicolae_grassy_gnolls
D:5:      layout_cave_pools, kennysheep_slug_shrine, serial_shops, shop,
          minmay_misc_feat_enclosed, dreamdust_gnoll_farm
D:6:      layout_basic, uniq_eustachio
D:7:      layout_basic, uniq_prince_ribbit1
D:8:      layout_basic, old_standard_altar, due_lair_maze_entry_diamond,
          serial_glass, glass_columns_c, glass_columns_a
D:9:      layout_roguey, mainiacjoe_overflow_divided_tiny,
          grunt_temple_overflow_open, grunt_ogre_cave,
          nicolae_figureground_sparkle
Temple:   jpeg_temple_clearing
Lair:1:   layout_regular_city, enter_volcano_1, dreamdust_gnoll_shepherd,
          lemuel_fruit_tree

Notes
Turn   | Place    | Note
-------+----------+-------------------------------------------
     0 | D:1      | spaghetti the Ogre Chaos Knight began the quest for the
                  | Orb.
     0 | D:1      | Reached XP level 1. HP: 24/24 MP: 1/1
     0 | D:1      | magus.rc [v1.9.6]
    85 | D:1      | XOM: divination: detect items
   210 | D:1      | Gained mutation: You are partially covered in iridescent
                  | scales. (AC +2) [potion of mutation]
   210 | D:1      | Gained mutation: You expend magic power (3 MP) to
                  | strengthen your wands. [potion of mutation]
   210 | D:1      | Gained mutation: Your muscles are strong. (Str +2) [potion
                  | of mutation]
   213 | D:1      | XOM: silly message
   226 | D:1      | Reached XP level 2. HP: 33/33 MP: 2/2
   336 | D:1      | Reached skill level 5 in Fighting
   518 | D:1      | Found a faded altar of an unknown god.
   572 | D:1      | XOM: silly message
   724 | D:2      | You fall into a shaft and drop 1 floor!
   734 | D:3      | Reached XP level 3. HP: 42/42 MP: 3/3
   830 | D:3      | Found Usieff's Book Shop.
   989 | D:3      | Found a broken altar of Ashenzari.
   997 | D:3      | Reached skill level 6 in Fighting
  1012 | D:3      | XOM: silly message
  1103 | D:3      | XOM: cloud trail
  1352 | D:3      | Reached XP level 4. HP: 43/53 MP: 4/4
  1577 | D:4      | Reached skill level 7 in Fighting
  1581 | D:4      | Reached XP level 5. HP: 56/62 MP: 5/5
  1596 | D:4      | Reached skill level 8 in Fighting
  1693 | D:4      | XOM: give mutations
  1693 | D:4      | Gained mutation: You are resistant to electric shocks.
                  | (rElec) [Xom's grace]
  1693 | D:4      | Gained mutation: You have hidden genetic potential. [Xom's
                  | grace]
  1732 | D:4      | XOM: smoke on damage
  1744 | D:4      | HP: 13/63 [something (5)]
  1746 | D:4      | Reached XP level 6. HP: 15/74 MP: 6/6
  1865 | D:4      | XOM: scenery: 1 doors open, 1 doors close
  2038 | D:4      | Found a staircase to the Ecumenical Temple.
  2050 | Temple   | Entered the Ecumenical Temple
  2051 | Temple   | XOM: give mutations
  2051 | Temple   | Gained mutation: Your movements are slightly less
                  | encumbered by armour. (ER -2) [Xom's grace]
  2051 | Temple   | Gained mutation: Your flesh is heat resistant. (rF+) [Xom's
                  | grace]
  2051 | Temple   | Gained mutation: You possess an exceptional clarity of
                  | mind. [Xom's grace]
  2051 | Temple   | Gained mutation: Your flesh is cold resistant. (rC+) [Xom's
                  | grace]
  2094 | Temple   | XOM: god gift: 1007 gold pieces
  2155 | Temple   | Fell from the grace of Xom
  2155 | Temple   | Became a worshipper of Gozag Ym Sagoz the Greedy
  2249 | D:4      | Reached skill level 9 in Fighting
  2263 | D:4      | Gained mutation: Your skin changes colour to match your
                  | surroundings (Stealth+). [hidden potential]
  2322 | D:4      | XOM: noise
  2677 | D:3      | XOM: give mutations
  2677 | D:3      | Lost mutation: Your flesh is heat resistant. (rF+) [Xom's
                  | mischief]
  2677 | D:3      | Gained mutation: You have a somewhat thin skeletal
                  | structure. (Dex +2, Stealth+) [Xom's mischief]
  2677 | D:3      | Lost mutation: You have hidden genetic potential. [Xom's
                  | mischief]
  2677 | D:3      | Gained mutation: You are mostly covered in iridescent
                  | scales. (AC +4) [Xom's mischief]
  2732 | D:4      | XOM: give mutation
  2732 | D:4      | Lost mutation: Your movements are slightly less encumbered
                  | by armour. (ER -2) [Xom's mischief]
  2912 | D:4      | Reached skill level 10 in Fighting
  2912 | D:4      | Reached skill level 1 in Maces & Flails
  2912 | D:4      | Reached XP level 7. HP: 67/85 MP: 7/7
  3184 | D:5      | Entered Level 5 of the Dungeon
  3265 | D:5      | Found a snail-covered altar of Cheibriados.
  3272 | D:5      | Reached skill level 2 in Maces & Flails
  3336 | D:5      | Found Epuu's Magic Scroll Shoppe.
  3344 | D:5      | XOM: give mutation
  3344 | D:5      | Lost mutation: Your muscles are strong. (Str +2) [Xom's
                  | mischief]
  3346 | D:5      | Bought a scroll of identify for 20 gold pieces
  3453 | D:4      | XOM: stat loss: -3 Str (16/19)
  3681 | D:5      | XOM: give mutations
  3681 | D:5      | Lost mutation: You are mostly covered in iridescent scales.
                  | (AC +4) [Xom's mischief]
  3681 | D:5      | Lost mutation: Your skin changes colour to match your
                  | surroundings (Stealth+). [Xom's mischief]
  3724 | D:5      | Reached skill level 3 in Maces & Flails
  3779 | D:6      | XOM: give mutations
  3779 | D:6      | Gained mutation: You are agile. (Dex +2) [Xom's mischief]
  3779 | D:6      | Gained mutation: You are weak. (Str -2) [Xom's mischief]
  4124 | D:6      | Reached skill level 11 in Fighting
  4124 | D:6      | Reached XP level 8. HP: 89/97 MP: 8/8
  4126 | D:6      | XOM: give mutation
  4126 | D:6      | Lost mutation: You possess an exceptional clarity of mind.
                  | [Xom's mischief]
  4258 | D:6      | You pick up a book of Callings and begin reading...
  4258 | D:6      | You add the spells Summon Small Mammal, Call Canine
                  | Familiar and Summon Guardian Golem to your library.
  4320 | D:6      | Reached skill level 4 in Maces & Flails
  4625 | D:6      | Noticed Eustachio
  4639 | D:6      | Killed Eustachio
  4640 | D:6      | Reached skill level 12 in Fighting
  4645 | D:6      | Reached skill level 5 in Maces & Flails
  5346 | D:6      | XOM: summons 3 hostile demons
  5451 | D:6      | Noticed a wraith
  5460 | D:6      | Killed a wraith
  5461 | D:6      | Reached XP level 9. HP: 95/109 MP: 9/9
  5762 | D:7      | XOM: noise
  5959 | D:7      | XOM: give mutation
  5959 | D:7      | Lost mutation: You are partially covered in iridescent
                  | scales. (AC +2) [Xom's mischief]
  6006 | D:7      | Reached skill level 6 in Maces & Flails
  6067 | D:7      | Reached skill level 13 in Fighting
  6146 | D:7      | XOM: noise
  6401 | D:7      | Noticed Prince Ribbit
  6514 | D:7      | Killed Prince Ribbit
  6730 | D:8      | XOM: stat loss: -3 Str (17/20)
  6804 | D:8      | Found a burning altar of Makhleb.
  6821 | D:8      | Reached skill level 7 in Maces & Flails
  7105 | D:8      | Reached skill level 14 in Fighting
  7155 | D:8      | Noticed a hornet
  7561 | D:8      | Paralysed by a hornet for 2 turns
  7570 | D:8      | Found a staircase to the Lair.
  7590 | D:8      | Reached XP level 10. HP: 69/123 MP: 10/10
  7598 | D:8      | Reached skill level 8 in Maces & Flails
  7803 | D:8      | XOM: summons 14 hostile demons
  7804 | D:8      | Noticed a soul eater
  7823 | D:8      | HP: 30/120 [soul eater/drain life[Xom] (15)]
  7831 | D:8      | HP: 20/120 [soul eater[Xom] (20)]
  7837 | D:8      | HP: 24/174 [soul eater[Xom] (20)]
  7841 | D:8      | HP: 7/168 [soul eater/drain life[Xom] (16)]
  8113 | D:8      | You pick up a book of Party Tricks and begin reading...
  8113 | D:8      | You add the spells Apportation and Alistair's Intoxication
                  | to your library.
  8530 | Lair:1   | Entered Level 1 of the Lair of Beasts
  8544 | Lair:1   | Found a dark tunnel.
  8662 | Lair:1   | Noticed a cane toad
  8666 | Lair:1   | Noticed a black mamba
  8681 | Lair:1   | Killed a black mamba
  8682 | Lair:1   | Reached skill level 15 in Fighting
  8684 | Lair:1   | Killed a cane toad
  9071 | Lair:1   | Reached skill level 9 in Maces & Flails
  9075 | Lair:1   | XOM: polymorph blink frog -> meliai
  9330 | Lair:1   | XOM: give mutations
  9330 | Lair:1   | Lost mutation: You are agile. (Dex +2) [Xom's mischief]
  9330 | Lair:1   | Gained mutation: Armour fits poorly on your strangely
                  | shaped body. [Xom's mischief]
  9330 | Lair:1   | Gained mutation: You are frail. (-10% HP) [Xom's mischief]
  9371 | Lair:1   | You pick up a book of Conjurations {@e2} and begin
                  | reading...
  9371 | Lair:1   | You add the spells Magic Dart, Searing Ray and Fulminant
                  | Prism to your library.
  9489 | Lair:1   | Noticed a seven-headed hydra
  9611 | Lair:1   | Reached skill level 16 in Fighting
  9615 | Lair:1   | HP: 19/114 [yak (16)]
  9617 | Lair:1   | HP: 9/114 [yak (11)]
  9617 | Lair:1   | Slain by a yak

Vanquished Creatures
  A cane toad (Lair:1)
  A black mamba (Lair:1)
  A komodo dragon (Lair:1)
  A meliai (Lair:1)
  Prince Ribbit (D:7)
  2 blink frogs (Lair:1)
  A wraith (D:6)
  4 yaks
  Eustachio (D:6)
  A wyvern (D:8)
  A steam dragon (D:8)
  2 water moccasins (D:8)
  An acid dragon (D:8)
  A sky beast (D:6)
  An ice beast (D:6)
  2 black bears
  3 ogres
  A centaur (D:7)
  A phantom (D:6)
  A necrophage (D:6)
  10 bullfrogs
  4 scorpions
  2 water moccasin zombies (D:4)
  5 killer bees (D:8)
  A centaur zombie (D:4)
  4 hounds
  A gnoll shaman (D:4)
  2 jellies (D:6)
  6 orc priests
  2 iguanas (D:7)
  3 orc wizards
  A hound skeleton (D:4)
  7 gnolls
  3 adders
  A white imp (D:5)
  An ufetubus (D:5)
  An adder zombie (D:4)
  3 worms
  2 dart slugs
  10 orcs
  7 endoplasms
  3 giant cockroaches
  3 goblins
  A hobgoblin (D:1)
  5 jackals
  5 kobolds
  4 quokkas
  3 ball pythons
  5 bats
  3 frilled lizards
  A quokka zombie (D:4)
  A rat (D:3)
138 creatures vanquished.

Vanquished Creatures (collateral kills)
  A gnoll shaman (D:4)
  4 gnolls (D:4)
5 creatures vanquished.

Vanquished Creatures (others)
  50 fungi
  64 plants
  A withered plant (D:4)
115 creatures vanquished.

Grand Total: 258 creatures vanquished

Table legend:
 A = Non-vault XP
 B = Vault XP
 C = Vault XP percentage of total XP
 D = Non-vault monster count
 E = Vault monster count
 F = Vault count percentage of total count
                 A         B        C        D         E       F
            +---------+---------+-------+---------+---------+-------
      Total |    6500 |    1928 |  22.9 |     117 |      26 |  18.2
            +---------+---------+-------+---------+---------+-------
        D:1 |      23 |       2 |   8.0 |      14 |       1 |   6.7
        D:2 |       5 |       0 |   0.0 |       3 |       0 |   0.0
        D:3 |      55 |       0 |   0.0 |      16 |       0 |   0.0
        D:4 |     285 |     306 |  51.8 |      20 |       9 |  31.0
        D:5 |     339 |     118 |  25.8 |      13 |       5 |  27.8
        D:6 |    1254 |     202 |  13.9 |      19 |       1 |   5.0
        D:7 |     443 |     283 |  39.0 |       7 |       1 |  12.5
        D:8 |    1310 |    1017 |  43.7 |      14 |       9 |  39.1
     Lair:1 |    2786 |       0 |   0.0 |      11 |       0 |   0.0
            +---------+---------+-------+---------+---------+-------

Illustrated notes

Table legend:
 A = Kills in this place as a percentage of kills in entire the game.
 B = Kills by you in this place as a percentage of kills by you in the entire game.
 C = Kills by friends in this place as a percentage of kills by friends in the entire game.
 D = Other kills in this place as a percentage of other kills in the entire game.
 E = Experience gained in this place as a percentage of experience gained in the entire game.
 F = Experience gained in this place divided by the number of levels of this place that you have seen.
                   A       B       C       D       E      F
               +-------+-------+-------+-------+-------+----------------------
         Total | 100.0 | 100.0 | 100.0 |   N/A | 100.0 | 766.2
       Dungeon |  92.3 |  92.0 | 100.0 |   N/A |  66.9 | 626.9
          Lair |   7.7 |   8.0 |   0.0 |   N/A |  33.1 | 2786.0
               +-------+-------+-------+-------+-------+----------------------

Table legend: (Time is in decaauts)
 A = Elapsed time spent in this place.
 B = Non-inter-level travel time spent in this place.
 C = Inter-level travel time spent in this place.
 D = Time resting spent in this place.
 E = Time spent auto-exploring this place.
 F = Levels seen in this place.
 G = Mean time per level.
                   A        B        C        D        E       F      G
               +--------+--------+--------+--------+--------+-----+--------+
         Total |   9537 |   9204 |    333 |   1910 |   5752 |  11 |  867.0 |
       Dungeon |   8324 |   8034 |    290 |   1353 |   5275 |   9 |  924.9 |
        Temple |    121 |     78 |     43 |      0 |     63 |   1 |  121.0 |
          Lair |   1091 |   1091 |      0 |    557 |    414 |   1 | 1091.0 |
               +--------+--------+--------+--------+--------+-----+--------+

Top non-repeatable levels by time:
     D:8: 1765 daAuts
     D:6: 1639 daAuts
     D:4: 1383 daAuts
  Lair:1: 1091 daAuts
     D:7: 1064 daAuts
     D:3: 991 daAuts
     D:5: 736 daAuts
     D:1: 633 daAuts
  Temple: 121 daAuts
     D:2: 87 daAuts
     D:9: 22 daAuts
